 Dungeon Crawl Stone Soup version 0.29-a0-668-g12ee2bf84d (webtiles) character file.

Game seed: 92521098677550397

793 zeratav the Skirmisher (level 8, -12/62 (67) HPs)
             Began as a Formicid Fighter on June 23, 2022.
             Mangled by a wight
             ... wielding a +0 halberd
              (15 damage)
             ... on level 5 of the Dungeon.
             The game lasted 00:04:45 (3534 turns).

zeratav the Skirmisher (Formicid Fighter)           Turns: 3534, Time: 00:04:46

HP:   -12/62 (67)   AC:  8    Str: 23    XL:     8   Next: 12%
MP:   10/10         EV:  9    Int:  8    God:
Gold: 114           SH:  5    Dex: 13    Spells: 7/7 levels left

rFire   . . .      SeeInvis +   x - +3 morningstar {mace}
rCold   . . .      Faith    .   c - +0 buckler
rNeg    + . .      Spirit   .   b - +0 scale mail
rPois   .          Reflect  .   (helmet unavailable)
rElec   .          Harm     .   o - +0 cloak
rCorr   +          Rampage  .   (no gloves)
Will    .....                   (no boots)
Stlth   +.........              g - amulet of regeneration {@e2}
HPRegen 1.00/turn               e - ring of positive energy
MPRegen 0.12/turn               q - ring of resist corrosion

@: drained
A: permanent stasis, dig shafts and tunnels, antennae 3, four strong arms
a: Dig, Shaft Self


You were on level 5 of the Dungeon.
You visited 1 branch of the dungeon, and saw 5 of its levels.

You collected 154 gold pieces.
You spent 40 gold pieces at shops.


Innate Abilities, Weirdness & Mutations

You cannot be hasted, slowed, berserked, paralysed or teleported.
You can dig through walls and to a lower floor.
You have a pair of large antennae on your head. (SInv)
Your four strong arms can wield two-handed weapons with a shield.


   Skills:
 - Level 7.0 Fighting
 - Level 2.0 Axes
 + Level 5.0 Armour
 - Level 5.0 Stealth
 - Level 4.0 Shields
 + Level 3.9 Invocations


You had 7 spell levels left.
You didn't know any spells.
Your spell library contained the following spells:

 Spells                   Type           Power      Damage    Failure   Level
 Apportation              Tloc           0%         N/A       77%         1
 Necrotize                Necr           0%         1d4       77%         1
 Summon Small Mammal      Summ           0%         N/A       77%         1

Inventory:

Hand Weapons
 a - a +3 battleaxe {axe}
   (You took it off a wight on level 5 of the Dungeon)
 t - the +10 hunting sling "zeratav's Peril" {venom, *Corrode +Blink Will+ Str+5, sling}
   (You found it on level 3 of the Dungeon)

   Any ammunition fired from it poisons the flesh of those it strikes.
   Str:       It affects your strength (+5).
   +Blink:    It lets you blink.
   *Corrode:  It may corrode you when you take damage.
   Will:      It increases your willpower.
 x - a +3 morningstar (weapon) {mace}
   (You took it off a wight on level 5 of the Dungeon)
Armour
 b - a +0 scale mail (worn)
 c - a +0 buckler (worn)
 o - a +0 cloak (worn)
   (You found it on level 3 of the Dungeon)
Jewellery
 e - a ring of positive energy (left hand)
   (You found it on level 1 of the Dungeon)
 g - an amulet of regeneration (around neck) {@e2}
   (You found it on level 2 of the Dungeon)
 l - a ring of ice
   (You found it on level 2 of the Dungeon)
 q - a ring of resist corrosion (right hand)
   (You found it on level 3 of the Dungeon)
Wands
 u - a wand of paralysis (12)
   (You found it on level 4 of the Dungeon)
Scrolls
 i - a scroll of brand weapon
 k - 2 scrolls of noise {unknown}
 m - a scroll of silence {unknown}
 n - a scroll of poison {unknown}
 p - a scroll of identify {@r1}
 r - a scroll of amnesia {unknown}
 s - 2 scrolls of teleportation {unknown}
Potions
 d - a potion of might
 f - 3 potions of lignification {!q}
 h - 2 potions of curing {@q1}
 j - a potion of brilliance {unknown}
 v - a potion of degeneration {unknown}

Dungeon Overview and Level Annotations

Branches:
Dungeon (5/15) Zot: 26345  Temple (0/1) D:5

Altars:

Shops:
D:1 ( D:2

? ..... .{ #...#
.. #...# ... ... .
..)z #|# ..# .....
##.## ...#
......##...##....#
#.#.....z@.......#
#.....##...##....#
#......##.##.....#
#.#.##..#.#..# # #
#..##.....#
#...##...## .
#..#...#..#
#[))....# #######
#.###..#####


You could see a wight.


Message History

You now have 65 max hp (-2).
You take 17 damage, and now have 50/65 hp.
MASSIVE DAMAGE!! (PAUSE)
You closely miss the wight. The wight barely misses you.
HP[+2]
You regained 2 hp, and now have 52/65 hp.
You barely miss the wight. The wight hits you with a +0 battleaxe!
You partially resist.
You feel drained. The wight hits you but does no damage.
HP[-16]
You now have 63 max hp (-2).
You take 16 damage, and now have 36/63 hp.
MASSIVE DAMAGE!! (PAUSE)
You closely miss the wight. The wight hits you with a +0 battleaxe.
HP[-2]
You take 2 damage, and now have 34/63 hp.
You hit the wight but do no damage. The wight barely misses you.
The wight closely misses you.
HP[+1]
You impale the wight!!
You destroy the wight!
Your Armour skill increases to level 5!
HP[+2]
You now have 65 max hp (+2).
You regained 2 hp, and now have 37/65 hp.
Things that are here:
a +0 battleaxe {axe}; a +0 robe; HP[+1]
A wight comes into view. It is wielding a +0 halberd.
HP[+1]
Things that are here:
a +0 battleaxe {axe}; a +0 robe; HP[+1]
There is a staircase to the Ecumenical Temple, spattered with blood here.
HP[+1] HP[+1]
There is a staircase to the Ecumenical Temple, spattered with blood here.
HP[+1] HP[+1]
The wight hits you with a +0 halberd!
There is a staircase to the Ecumenical Temple, spattered with blood here.
HP[-10]
You take 10 damage, and now have 34/65 hp.
You hit the wight but do no damage. The wight hits you but does no damage.
The wight hits you with a +0 halberd!
* * * LOW HITPOINT WARNING * * *
HP[-8]
You take 8 damage, and now have 26/65 hp.
You barely miss the wight. The wight completely misses you.
HP[+2]
You regained 2 hp, and now have 28/65 hp.
You closely miss the wight. You block the wight's attack.
The wight completely misses you.
HP[+1]
You hit the wight but do no damage. The wight barely misses you.
HP[+2]
You regained 2 hp, and now have 31/65 hp.
You completely miss the wight. The wight barely misses you.
HP[+1]
You closely miss the wight. The wight closely misses you.
The wight hits you with a +0 halberd.
* * * LOW HITPOINT WARNING * * *
HP[-1]
You take 1 damage, and now have 31/65 hp.
You barely miss the wight. The wight hits you with a +0 halberd!
* * * LOW HITPOINT WARNING * * *
HP[-6]
You take 6 damage, and now have 25/65 hp.
You hit the wight but do no damage. The wight hits you with a +0 halberd!
* * * LOW HITPOINT WARNING * * *
The wight hits you with a +0 halberd!
* * * LOW HITPOINT WARNING * * *
You partially resist.
You feel drained.
* * * LOW HITPOINT WARNING * * *
HP[-19]
You now have 63 max hp (-2).
You take 19 damage, and now have 6/63 hp.
MASSIVE DAMAGE!! (PAUSE)
You barely miss the wight. The wight closely misses you.
HP[+2]
You regained 2 hp, and now have 8/63 hp.
You hit the wight but do no damage. You block the wight's attack.
The wight hits you with a +0 halberd.
* * * LOW HITPOINT WARNING * * *
HP[-3]
You take 3 damage, and now have 5/63 hp.
You closely miss the wight. The wight hits you but does no damage.
HP[+2]
You regained 2 hp, and now have 7/63 hp.
You hit the wight but do no damage. The wight hits you with a +0 halberd.
* * * LOW HITPOINT WARNING * * *
The wight hits you with a +0 halberd.
* * * LOW HITPOINT WARNING * * *
You partially resist.
You feel drained.
HP[-2]
You now have 62 max hp (-1).
You take 2 damage, and now have 5/62 hp.
You hit the wight but do no damage. The wight hits you with a +0 halberd.
* * * LOW HITPOINT WARNING * * *
HP[-3]
You take 3 damage, and now have 2/62 hp.
You barely miss the wight. The wight hits you with a +0 halberd!
You die...

Skill      XL: |  1  2  3  4  5  6  7  8 |
---------------+-------------------------+-----
Stealth        | 2 3 4 5 |  5.0
Fighting       | 4 5 7 |  7.0
Invocations    | 3 |  3.9
Armour         | 4 5 |  5.0
Axes           | |  2.0
Shields        | |  4.0

Action                   |  1- 3 |  4- 6 |  7- 9 || total
-------------------------+-------+-------+-------++-------
Melee: War axe           |    75 |    43 |       ||   118
       Morningstar       |       |       |    25 ||    25
 Fire: Hunting sling     |       |    57 |    27 ||    84
  Use: Scroll            |       |     3 |       ||     3
 Stab: Sleeping          |       |     1 |       ||     1
Armor: Scale mail        |    35 |    33 |     8 ||    76
Dodge: Dodged            |    47 |    31 |    18 ||    96
Block: Buckler           |    20 |    21 |     7 ||    48

Levels and vault maps discovered:
D:1:      dpeg_arrival_oval, layout_loops_ring, serial_shops, shop,
          shapermc_ecumenical_altar_hornbeckon, minivault_25
D:2:      layout_basic, serial_shops, nicolae_square_shop, uniq_terence
D:3:      layout_basic, uniq_crazy_yiuf_cottage, uniq_natasha
D:4:      layout_loops_ring, serial_forest, infiniplex_forest_lined_room_3,
          infiniplex_forest_clump_small, infiniplex_forest_end_double,
          infiniplex_forest_lined_room_2, infiniplex_forest_clump_small
D:5:      kennysheep_big_flooded_room, layout_loops_ring,
          minmay_temple_entry_waves, gammafunk_ghost_necromancy, uniq_ijyb

Notes
Turn   | Place    | Note
-------+----------+-------------------------------------------
     0 | D:1      | zeratav the Formicid Fighter began the quest for the Orb.
     0 | D:1      | Reached XP level 1. HP: 18/18 MP: 1/1
     0 | D:1      | magus.rc [v1.9.6]
    95 | D:1      | Reached skill level 1 in Stealth
   105 | D:1      | Reached skill level 2 in Stealth
   105 | D:1      | Reached XP level 2. HP: 9/24 MP: 2/2
   591 | D:1      | Found Arepuzof's Weapon Boutique.
   669 | D:1      | Reached skill level 3 in Stealth
   684 | D:1      | Reached XP level 3. HP: 10/29 MP: 3/3
  1212 | D:1      | Found a faded altar of an unknown god.
  1342 | D:2      | Noticed Terence
  1373 | D:2      | Killed Terence
  1374 | D:2      | Reached skill level 4 in Stealth
  1374 | D:2      | Reached XP level 4. HP: 12/35 MP: 4/4
  1656 | D:2      | Found Bair's Magic Scroll Boutique.
  1685 | D:2      | Bought a scroll of identify for 20 gold pieces
  1685 | D:2      | Bought a scroll of identify for 20 gold pieces
  2101 | D:3      | Noticed Natasha
  2110 | D:3      | Killed Natasha
  2111 | D:3      | Reached skill level 5 in Stealth
  2360 | D:3      | Noticed Natasha
  2365 | D:3      | Killed Natasha
  2366 | D:3      | Reached skill level 4 in Fighting
  2366 | D:3      | Reached XP level 5. HP: 32/42 MP: 5/5
  2434 | D:3      | Identified the +10 hunting sling "zeratav's Peril" {venom,
                  | *Corrode +Blink Will+ Str+5}
  2450 | D:3      | Noticed Natasha
  2452 | D:3      | Killed Natasha
  2479 | D:3      | You fall into a shaft and drop 1 floor!
  2681 | D:4      | You pick up a book of Cantrips and begin reading...
  2681 | D:4      | You add the spells Necrotize, Summon Small Mammal and
                  | Apportation to your library.
  2723 | D:4      | Noticed a phantom
  2728 | D:4      | Killed a phantom
  2729 | D:4      | Reached skill level 5 in Fighting
  2729 | D:4      | Reached XP level 6. HP: 51/51 MP: 6/6
  2856 | D:4      | Reached skill level 6 in Fighting
  3137 | D:4      | Reached skill level 7 in Fighting
  3137 | D:4      | Reached XP level 7. HP: 59/60 MP: 7/7
  3388 | D:5      | Entered Level 5 of the Dungeon
  3395 | D:5      | Reached skill level 1 in Invocations
  3419 | D:5      | Noticed a water moccasin
  3423 | D:5      | Killed a water moccasin
  3424 | D:5      | Reached skill level 4 in Armour
  3424 | D:5      | Reached skill level 2 in Invocations
  3455 | D:5      | Reached skill level 3 in Invocations
  3491 | D:5      | Reached XP level 8. HP: 65/67 MP: 10/10
  3493 | D:5      | Found a staircase to the Ecumenical Temple.
  3513 | D:5      | Reached skill level 5 in Armour
  3528 | D:5      | HP: 7/65 [wight/+0 halberd (11)]
  3533 | D:5      | HP: 2/62 [wight/+0 halberd (5)]
  3534 | D:5      | Mangled by a wight

Vanquished Creatures
  A water moccasin (D:5)
  2 phantoms (D:4)
  A necrophage (D:4)
  4 wights (D:5)
  2 hounds (D:5)
  An orc priest (D:4)
  Natasha (thrice) (D:3)
  Terence (D:2)
  An adder (D:4)
  2 worms
  A dart slug (D:4)
  12 orcs
  5 ball pythons
  5 endoplasms (D:1)
  4 giant cockroaches
  A goblin (D:4)
  3 hobgoblins
  2 jackals (D:2)
  7 kobolds
  3 quokkas
  5 bats
  4 frilled lizards
70 creatures vanquished.

Vanquished Creatures (others)
  A plant (D:4)
1 creature vanquished.

Grand Total: 71 creatures vanquished

Table legend:
 A = Non-vault XP
 B = Vault XP
 C = Vault XP percentage of total XP
 D = Non-vault monster count
 E = Vault monster count
 F = Vault count percentage of total count
                 A         B        C        D         E       F
            +---------+---------+-------+---------+---------+-------
      Total |    1060 |      73 |   6.4 |      68 |       2 |   2.9
            +---------+---------+-------+---------+---------+-------
        D:1 |      32 |       0 |   0.0 |      18 |       0 |   0.0
        D:2 |      20 |      36 |  64.3 |      10 |       1 |   9.1
        D:3 |      85 |      37 |  30.3 |       9 |       1 |  10.0
        D:4 |     383 |       0 |   0.0 |      20 |       0 |   0.0
        D:5 |     540 |       0 |   0.0 |      11 |       0 |   0.0
            +---------+---------+-------+---------+---------+-------

Illustrated notes

Table legend:
 A = Kills in this place as a percentage of kills in entire the game.
 B = Kills by you in this place as a percentage of kills by you in the entire game.
 C = Kills by friends in this place as a percentage of kills by friends in the entire game.
 D = Other kills in this place as a percentage of other kills in the entire game.
 E = Experience gained in this place as a percentage of experience gained in the entire game.
 F = Experience gained in this place divided by the number of levels of this place that you have seen.
                   A       B       C       D       E      F
               +-------+-------+-------+-------+-------+----------------------
         Total | 100.0 | 100.0 |   N/A |   N/A | 100.0 | 226.6
       Dungeon | 100.0 | 100.0 |   N/A |   N/A | 100.0 | 226.6
               +-------+-------+-------+-------+-------+----------------------

Table legend: (Time is in decaauts)
 A = Elapsed time spent in this place.
 B = Non-inter-level travel time spent in this place.
 C = Inter-level travel time spent in this place.
 D = Time resting spent in this place.
 E = Time spent auto-exploring this place.
 F = Levels seen in this place.
 G = Mean time per level.
                   A        B        C        D        E       F      G
               +--------+--------+--------+--------+--------+-----+--------+
         Total |   3653 |   3529 |    124 |    221 |   2730 |   5 |  730.6 |
       Dungeon |   3653 |   3529 |    124 |    221 |   2730 |   5 |  730.6 |
               +--------+--------+--------+--------+--------+-----+--------+

Top non-repeatable levels by time:
     D:1: 1287 daAuts
     D:4: 946 daAuts
     D:2: 793 daAuts
     D:3: 454 daAuts
     D:5: 171 daAuts
